 Dungeon Sprint DCSS version 0.30-a0-672-gc3a7216ad8 (webtiles) character file.

Game seed: 6794629643417555945

1024 rocky1 the Fighter (level 8, 0/89 (93) HPs)
             Began as an Ogre Fire Elementalist on Jan 19, 2023.
             Was a Priest of Cheibriados.
             Slain by a necrophage (1 damage)
             ... in the Dungeon (Sprint VII: "The Pits").
             The game lasted 00:04:35 (1178 turns).

rocky1 the Fighter (Ogre Fire Elementalist)         Turns: 1178, Time: 00:04:35

HP:   0/89 (93)     AC:  3    Str: 20    XL:     8   Next: 22%
MP:   21/21         EV: 10    Int: 25    God:    Cheibriados [***...]
Gold: 0             SH:  0    Dex: 16    Spells: 12/25 levels left

rFire   . . .      SeeInvis .    l - +2 hand axe
rCold   . . .      Faith    .    (no shield)
rNeg    . . .      Spirit   .    a - +0 robe
rPois   .          Reflect  .    (helmet restricted)
rElec   .          Harm     .    (no cloak)
rCorr   .          Rampage  .    (gloves unavailable)
Will    .....      NoTele   +    (boots unavailable)
Stlth   ++                       (no amulet)
HPRegen 0.34/turn                (no ring)
MPRegen 0.17/turn                (no ring)

@: lethally poisoned (0 -> -1), on berserk cooldown, slowed, lightly drained,
very slow
A: large, unfitting armour, tough skin 1
a: Renounce Religion, Bend Time, Temporal Distortion


You were in the Dungeon.
You worshipped Cheibriados.
Cheibriados was most pleased with you.
You visited 1 branch

Inventory:

Hand Weapons
 h - a +2 mace
 l - a +2 hand axe (weapon)
 m - a +2 heavy flail
Armour
 a - a +0 robe (worn)
Scrolls
 g - a scroll of blinking
 j - 5 scrolls of amnesia
 k - a scroll of summoning
Potions
 b - 5 potions of magic
 c - 5 potions of curing
 d - 6 potions of heal wounds
 e - a potion of haste
 f - 2 potions of berserk rage
 i - 2 potions of invisibility


   Skills:
 + Level 10.1 Fighting
 + Level 6.3 Axes
 - Level 1.7 Dodging
 - Level 1.4 Stealth
 + Level 9.1 Spellcasting
 + Level 7.2 Conjurations
 + Level 7.7 Fire Magic
 + Level 4.9 Invocations


You had 12 spell levels left.
You knew the following spells:

 Your Spells              Type           Power      Damage    Failure   Level
a - Foxfire               Conj/Fire      100%       2x1d9     1%          1
b - Scorch                Fire           100%       2d10      1%          2
c - Inner Flame           Hex/Fire       30%        N/A       3%          3
d - Flame Wave            Conj/Fire      48%        2d12      2%          4
e - Kindle Blastsparks    Fire/Tloc/Air  48%        2d14      5%          3

Your spell library contained the following spells:

 Spells                   Type           Power      Damage    Failure   Level


Dungeon Overview and Level Annotations

Branches:
Dungeon (1/1)

Altars:
Ashenzari
Cheibriados
Dithmenos
Elyvilon
Fedhas
Gozag
Hepliaklqana
Kikubaaqudgha
Makhleb
Nemelex Xobeh
Okawaru
Qazlal
Ru
Sif Muna
Trog
Uskayaw
Vehumet
Wu Jian
Xom
Yredelemnul
Zin
The Shining One
Jiyva
Lugonu


Innate Abilities, Weirdness & Mutations

You are too large for most types of armour.
You have tough skin. (AC +1)


Message History

Your Conjurations skill increases to level 7!
You have reached level 8!
You feel very sick. Something hits you.
* * * LOW HITPOINT WARNING * * *
There is an open door, spattered with blood here.
You slash something!
You feel sick. Something hits you.
* * * LOW HITPOINT WARNING * * *
You closely miss something.
You feel sick.
You slash something!
Cheibriados thoroughly appreciates the change of pace.
Cheibriados raises the support of your attributes as your movement slows.
Reactivating autopickup.
You feel a bit more experienced.
You feel sick.
Your Fighting skill increases to level 10!
Your Spellcasting skill increases to level 9!
You barely miss the necrophage.
You feel sick. The necrophage hits you.
* * * LOW HITPOINT WARNING * * *
You feel drained.
* * * LOW HITPOINT WARNING * * *
You closely miss the necrophage.
You feel sick. The necrophage misses you.
You slash the necrophage!
The necrophage is moderately damaged.
You are no longer berserk.
You are exhausted.
You feel yourself slow down.
You feel sick.
The necrophage hits you but does no damage.
You hit the necrophage but do no damage.
The necrophage is moderately damaged.
You feel sick.
The necrophage hits you but does no damage.
You closely miss the necrophage.
The necrophage is moderately damaged.
You feel sick. The necrophage closely misses you. x2
You hit the necrophage. Your punch misses the necrophage.
The necrophage is moderately damaged.
You feel sick. The necrophage hits you.
* * * LOW HITPOINT WARNING * * *
You feel drained.
You die...

#.#.รท#..#..##.......#
#.##'#..#'###...<...#
#.#........##.......#
#)#........##.......#
#'###########.......#
#.......#.. #########
#..#.#..#J#
#.##.##.#n#
#.......#@#
#.##.##.#.+
#..#.#..#'#
#.......'.#
###########


You could see a necrophage and a jelly.

Vanquished Creatures
  An orange demon (D)
  Sigmund (D)
  A water moccasin (D)
  2 floating eyes (D)
  A bullfrog (D)
  A scorpion (D)
  A gnoll bouda (D)
  2 orc wizards (D)
  4 gnolls (D)
  An ufetubus (D)
  An adder zombie (D)
  A worm (D)
  3 orcs (D)
  A bat skeleton (D)
  A goblin (D)
  A hobgoblin (D)
  3 jackals (D)
  2 kobolds (D)
  A quokka (D)
  A bat (D)
30 creatures vanquished.

Vanquished Creatures (others)
  25 foxfires (D)
25 creatures vanquished.

Grand Total: 55 creatures vanquished

Notes
Turn   | Place    | Note
-------+----------+-------------------------------------------
     0 | D        | rocky1 the Ogre Fire Elementalist began the quest for the
                  | Orb.
     0 | D        | Reached XP level 1. HP: 16/16 MP: 3/3
    11 | D        | Noticed a floating eye
    14 | D        | Paralysed by a floating eye for 2 turns
    17 | D        | Killed a floating eye
    18 | D        | Reached skill level 5 in Fighting
    18 | D        | Reached skill level 5 in Spellcasting
    18 | D        | Reached XP level 2. HP: 35/35 MP: 1/8
    18 | D        | Reached XP level 3. HP: 42/42 MP: 1/9
    18 | D        | Reached XP level 4. HP: 50/50 MP: 1/11
   102 | D        | Found a bloodstained altar of Trog.
   102 | D        | Found a shimmering blue altar of Sif Muna.
   102 | D        | Found a viscous altar of Jiyva.
   102 | D        | Found a hazy altar of Hepliaklqana.
   102 | D        | Found an opulent altar of Gozag.
   103 | D        | Found a glowing golden altar of the Shining One.
   103 | D        | Found a glowing silver altar of Zin.
   103 | D        | Found a basalt altar of Yredelemnul.
   103 | D        | Found a shimmering altar of Xom.
   103 | D        | Found an ornate altar of the Wu Jian Council.
   103 | D        | Found a sacrificial altar of Ru.
   103 | D        | Found a stormy altar of Qazlal.
   103 | D        | Found an iron altar of Okawaru.
   103 | D        | Found a sparkling altar of Nemelex Xobeh.
   103 | D        | Found a burning altar of Makhleb.
   103 | D        | Found a blossoming altar of Fedhas.
   103 | D        | Found a white marble altar of Elyvilon.
   103 | D        | Found a shadowy altar of Dithmenos.
   103 | D        | Found a snail-covered altar of Cheibriados.
   106 | D        | Found a corrupted altar of Lugonu.
   106 | D        | Found a radiant altar of Vehumet.
   107 | D        | Found an ancient bone altar of Kikubaaqudgha.
   107 | D        | Found a hide-covered altar of Uskayaw.
   107 | D        | Found a broken altar of Ashenzari.
   175 | D        | Reached skill level 1 in Axes
   440 | D        | Noticed a scorpion
   445 | D        | Reached skill level 5 in Fire Magic
   449 | D        | Reached XP level 5. HP: 51/59 MP: 9/13
   453 | D        | Reached skill level 6 in Fighting
   665 | D        | Learned a level 2 spell: Scorch
   669 | D        | Learned a level 3 spell: Inner Flame
   674 | D        | Learned a level 4 spell: Flame Wave
   678 | D        | Learned a level 3 spell: Kindle Blastsparks
   714 | D        | Reached skill level 7 in Fighting
   714 | D        | Reached skill level 5 in Conjurations
   715 | D        | Reached XP level 6. HP: 43/72 MP: 8/16
   751 | D        | Became a worshipper of Cheibriados the Contemplative
   756 | D        | Reached skill level 8 in Fighting
   757 | D        | Reached * piety under Cheibriados
   961 | D        | Reached ** piety under Cheibriados
   979 | D        | Noticed a floating eye
   983 | D        | Paralysed by a floating eye for 2 turns
   986 | D        | Killed a floating eye
   987 | D        | Reached skill level 1 in Invocations
   987 | D        | Reached XP level 7. HP: 81/81 MP: 18/18
  1088 | D        | Noticed an orange demon
  1093 | D        | Killed an orange demon
  1094 | D        | Reached skill level 9 in Fighting
  1094 | D        | Reached skill level 5 in Axes
  1160 | D        | Noticed Sigmund
  1168 | D        | Reached *** piety under Cheibriados
  1169 | D        | Reached XP level 8. HP: 31/93 MP: 20/20
  1172 | D        | Killed Sigmund
  1173 | D        | Reached skill level 10 in Fighting
  1178 | D        | HP: 1/91 [necrophage (6)]
  1178 | D        | Slain by a necrophage

Illustrated notes

Levels and vault maps discovered:
D:        pitsprint [storerooms_1, entrance_room_1, metal_vault_4, armoury_3,
          mini_pit_1, grid_room_1, main_hall_1, silver_pit, the_coven_2,
          the_vestibule_1, steel_vault_4, golden_pit, hallway_of_sentries,
          crystal_vault_1, iron_vault_4, final_vault]

Skill      XL: |  1  2  3  4  5  6  7  8 |
---------------+-------------------------+-----
Fighting       | 5 7 8 9 10 | 10.1
Spellcasting   | 5 7 8 9 |  9.1
Conjurations   | 3 4 5 6 7 |  7.2
Fire Magic     | 4 5 6 7 |  7.7
Axes           | 1 4 6 |  6.3
Invocations    | 1 4 |  4.9
Dodging        | |  1.7
Stealth        | |  1.4

Action                   |  1- 3 |  4- 6 |  7- 9 || total
-------------------------+-------+-------+-------++-------
Melee: Unarmed           |     2 |       |       ||     2
       Hand axe          |       |    63 |    15 ||    78
       Punch             |       |     1 |       ||     1
 Cast: Foxfire           |     2 |    12 |       ||    14
       Flame Wave        |       |     1 |       ||     1
       Scorch            |       |       |     5 ||     5
  Use: Potion            |       |       |     2 ||     2
 Stab: Sleeping          |       |     3 |       ||     3
Armor: Robe              |       |    29 |     4 ||    33
Dodge: Dodged            |       |    42 |     7 ||    49

Table legend: (Time is in decaauts)
 A = Elapsed time spent in this place.
 B = Non-inter-level travel time spent in this place.
 C = Inter-level travel time spent in this place.
 D = Time resting spent in this place.
 E = Time spent auto-exploring this place.
 F = Levels seen in this place.
 G = Mean time per level.
                   A        B        C        D        E       F      G
               +--------+--------+--------+--------+--------+-----+--------+
         Total |   1210 |   1191 |     19 |    806 |      0 |   1 | 1210.0 |
       Dungeon |   1210 |   1191 |     19 |    806 |      0 |   1 | 1210.0 |
               +--------+--------+--------+--------+--------+-----+--------+

Top non-repeatable levels by time:
       D: 1210 daAuts
